 Seeded DCSS version 0.29-a0-885-gb26ba3297d (webtiles) character file.

Game seed: 7968154553560935481 (custom seed)

340 Kazon the Cudgeller (level 6, 0/62 HPs)
             Began as an Ogre Gladiator on July 19, 2022.
             Slain by a goblin
             ... wielding a +0 club
             ... led by Robin
              (5 damage)
             ... on level 3 of the Dungeon on July 20, 2022.
             The game lasted 00:07:30 (2201 turns).

Kazon the Cudgeller (Ogre Gladiator)                Turns: 2201, Time: 00:07:31

Health: 0/62       AC:  3    Str: 21    XL:     6   Next: 56%
Magic:  6/6        EV: 10    Int:  9    God:
Gold:   8          SH:  0    Dex: 10    Spells: 5/5 levels left

rFire   . . .      SeeInvis .   p - +10 giant spiked club
rCold   . . .      Faith    .   (shield currently unavailable)
rNeg    . . .      Spirit   .   b - +0 robe
rPois   .          Reflect  .   c - +0 hat
rElec   .          Harm     .   (no cloak)
rCorr   .          Rampage  .   (gloves unavailable)
Will    .....                   (boots unavailable)
Stlth   +.........              i - amulet of regeneration
HPRegen 1.00/turn               (no ring)
MPRegen 0.10/turn               (no ring)

@: hasted, very quick
A: large, unfitting armour, tough skin 1, no potion heal 1
a: no special abilities


You were on level 3 of the Dungeon.
You visited 1 branch of the dungeon, and saw 3 of its levels.

You collected 118 gold pieces.
You spent 110 gold pieces at shops.

Inventory:

Hand Weapons
 a - a +0 flail
 p - a +10 giant spiked club (weapon)
Missiles
 d - 3 throwing nets
 e - a large rock
 l - 20 stones (quivered)
Armour
 b - a +0 robe (worn)
 c - a +0 hat (worn)
Jewellery
 i - an amulet of regeneration (around neck)
Wands
 q - a wand of iceblast (3)
Scrolls
 j - a scroll of magic mapping {unknown}
 k - 2 scrolls of teleportation {unknown}
 m - 2 scrolls of identify {unknown}
 r - 2 scrolls of poison {unknown}
Potions
 f - a potion of haste
 g - a potion of resistance
 h - a potion of mutation
 o - a potion of berserk rage {unknown}


   Skills:
 + Level 4.1 Fighting
 + Level 4.7 Maces & Flails
 + Level 2.5 Throwing
 + Level 4.2 Dodging
 + Level 0.3 Stealth
 * Level 0.1 Evocations


You had 5 spell levels left.
You didn't know any spells.
Your spell library contained the following spells:

 Spells                   Type           Power      Damage    Failure   Level
 Gell's Gravitas          Tloc           0%         N/A       77%         3
 Lesser Beckoning         Tloc           0%         N/A       77%         3
 Teleport Other           Tloc           0%         N/A       77%         3


Dungeon Overview and Level Annotations

Branches:
Dungeon (3/15)

Altars:
Xom

Shops:
D:1 (![


Innate Abilities, Weirdness & Mutations

You are too large for most types of armour.
You have tough skin. (AC +1)
Potions are less effective at restoring your health.


Message History

You kill the goblin!
The goblin hits you with a +0 club. The goblin barely misses you.
The goblin hits you with a +0 club. The hobgoblin closely misses you.
You sock Robin!
Robin is almost dead.
The goblin no longer looks unusually strong.
Robin roars a battlecry!
The goblin goes into a battle-frenzy!
The goblin hits you with a +0 club. x2; The hobgoblin hits you.
The goblin hits you with a +0 club. The goblin hits you but does no damage.
The goblin hits you with a +0 club. The hobgoblin hits you.
* * * LOW HITPOINT WARNING * * *
The goblin hits you but does no damage.
It was a potion of haste.
You feel yourself speed up. The goblin hits you with a +0 club.
* * * LOW HITPOINT WARNING * * *
The goblin hits you with a +0 club.
* * * LOW HITPOINT WARNING * * *
Robin hits you with a +0 whip.
* * * LOW HITPOINT WARNING * * *
The goblin barely misses you. The hobgoblin hits you.
* * * LOW HITPOINT WARNING * * *
You puncture Robin!
You kill Robin!
The hobgoblin closely misses you. The goblin barely misses you.
The goblin hits you but does no damage. The goblin hits you with a +0 club.
* * * LOW HITPOINT WARNING * * *
Unknown command.
It was a potion of mutation.
You feel extremely strange.
Your system partially rejects the healing effects of potions.
The hobgoblin no longer looks unusually strong.
The hobgoblin hits you.
* * * LOW HITPOINT WARNING * * *
The goblin barely misses you. The goblin closely misses you. x2
The goblin barely misses you.
It was a potion of curing.
Your system partially rejects the healing.
You feel better. The hobgoblin barely misses you. The goblin misses you.
The goblin closely misses you. The goblin hits you with a +0 club.
You die...

#................ ...####
#....#..............
#.......#
#....#.....$....#>.. ........
#....#............. ........
##................ #......
#..............#.#.####......
###..#....>...#..#...........
#..##..!.gg##.# ##...>..<
##..###).g@#..# ##......#.
#....#.##gg.#####.....#.#.
#.##.#................#...
##.##.................####.
#.....................# #.
#.....................# #.
#...............##..### #.
#....#.........##..## ####.
#....##...#.....#.## #....


You could see a hobgoblin and 4 goblins.

Vanquished Creatures
  Sigmund (D:2)
  Jessica (D:2)
  Natasha (thrice) (D:2)
  Robin (D:3)
  An adder (D:2)
  An orc (D:3)
  3 bats
  2 endoplasms (D:1)
  A giant cockroach (D:2)
  10 goblins
  7 hobgoblins
  6 jackals (D:2)
  A quokka (D:2)
  2 ball pythons (D:2)
  3 frilled lizards (D:2)
  3 kobolds (D:2)
  5 rats
51 creatures vanquished.

Notes
Turn   | Place    | Note
-------+----------+-------------------------------------------
     0 | D:1      | Kazon the Ogre Gladiator began the quest for the Orb.
     0 | D:1      | Reached XP level 1. HP: 22/22 MP: 1/1
    48 | D:2      | Reached XP level 2. HP: 13/29 MP: 2/2
   362 | D:2      | Noticed Natasha
   369 | D:2      | Noticed a crimson imp
   375 | D:2      | Killed Natasha
   376 | D:2      | Reached XP level 3. HP: 31/37 MP: 3/3
   485 | D:2      | Noticed Jessica
   491 | D:2      | Killed Jessica
   492 | D:2      | Reached XP level 4. HP: 37/45 MP: 4/4
   746 | D:2      | Noticed Natasha
   751 | D:2      | Killed Natasha
   784 | D:1      | Found a faded altar of an unknown god.
   805 | D:1      | Found Bogoojeo's Antique Weapon Boutique.
   829 | D:1      | Found Binoet's Distillery.
   833 | D:1      | Reached XP level 5. HP: 53/53 MP: 5/5
   847 | D:1      | Bought a potion of degeneration for 12 gold pieces
  1062 | D:1      | Found Wodociga's Antique Armour Shoppe.
  1617 | D:2      | Noticed Natasha
  1618 | D:2      | Noticed Sigmund
  1625 | D:2      | Killed Natasha
  1638 | D:2      | Killed Sigmund
  1639 | D:2      | Reached XP level 6. HP: 21/62 MP: 6/6
  1720 | D:1      | Bought a glowing giant spiked club for 98 gold pieces
  1801 | D:2      | Upgraded the game from 0.29-a0-878-g7b45a56547 to
                  | 0.29-a0-885-gb26ba3297d
  2043 | D:3      | Found a shimmering altar of Xom.
  2043 | D:3      | Found a shimmering altar of Xom.
  2043 | D:3      | Found a shimmering altar of Xom.
  2049 | D:3      | Found a shimmering altar of Xom.
  2049 | D:3      | Found a shimmering altar of Xom.
  2049 | D:3      | Found a shimmering altar of Xom.
  2175 | D:3      | Noticed Robin
  2199 | D:3      | Killed Robin
  2199 | D:3      | HP: 3/62 [goblin/+0 club[Robin] (2)]
  2200 | D:3      | Gained mutation: Potions are less effective at restoring
                  | your health. [potion of mutation]
  2200 | D:3      | HP: 1/62 [hobgoblin[Robin] (3)]
  2201 | D:3      | Slain by a goblin

Illustrated notes

Levels and vault maps discovered:
D:1:      dpeg_arrival_rooms_c, layout_basic,
          chequers_ecumenical_altar_simple_redux, serial_shops, shop_fountains,
          shop, shop, chequers_arboretum
D:2:      layout_loops_ring, minmay_between, uniq_sigmund, uniq_jessica,
          uniq_natasha
D:3:      layout_rooms, nicolae_qazlal_scattered_showers, xom_redecorated,
          uniq_robin

Skill      XL: |  1  2  3  4  5 |
---------------+----------------+-----
Maces & Flails | 3 4 |  4.7
Fighting       | 3 4 |  4.1
Dodging        | 3 4 |  4.2
Throwing       | |  2.5
Stealth        | |  0.3
Evocations     | |  0.1

Action                   |  1- 3 |  4- 6 || total
-------------------------+-------+-------++-------
Melee: Flail             |    72 |    66 ||   138
       Giant spiked club |       |    20 ||    20
Throw: Stone             |     4 |     7 ||    11
  Use: Potion            |       |     3 ||     3
Armor: Robe              |    26 |    35 ||    61
Dodge: Dodged            |    41 |    69 ||   110

Table legend: (Time is in decaauts)
 A = Elapsed time spent in this place.
 B = Non-inter-level travel time spent in this place.
 C = Inter-level travel time spent in this place.
 D = Time resting spent in this place.
 E = Time spent auto-exploring this place.
 F = Levels seen in this place.
 G = Mean time per level.
                   A        B        C        D        E       F      G
               +--------+--------+--------+--------+--------+-----+--------+
         Total |   2244 |   2066 |    178 |      0 |   1243 |   3 |  748.0 |
       Dungeon |   2244 |   2066 |    178 |      0 |   1243 |   3 |  748.0 |
               +--------+--------+--------+--------+--------+-----+--------+

Top non-repeatable levels by time:
     D:2: 1180 daAuts
     D:1: 866 daAuts
     D:3: 197 daAuts
